 Dungeon Crawl Stone Soup version 0.24-a0-275-g6f7e2cb4ba (webtiles) character file.

Game seed: 12749202686211190583

1018 Redear the Covered (level 7, 0/61 HPs)
             Began as a Demigod Fighter on Apr 28, 2019.
             Slain by a centaur (2 damage)
             ... on level 5 of the Dungeon.
             The game lasted 00:14:05 (4789 turns).

Redear the Covered (Demigod Fighter)                Turns: 4789, Time: 00:14:06

Health: 0/61       AC: 13    Str: 30    XL:     7   Next: 70%
Magic:  9/9        EV: 10    Int: 12    God:
Gold:   131        SH:  0    Dex: 15    Spells: 6/6 levels left

rFire    + . .     SeeInvis .   i - +2 whip (venom)
rCold    + . .     Gourm    .   (no shield)
rNeg     . . .     Faith    .   b - +1 scale mail
rPois    +         Spirit   .   (no helmet)
rElec    +         Reflect  .   (no cloak)
rCorr    +         Harm     .   (no gloves)
MR       .....                  s - +2 pair of boots
Stlth    ..........             n - amulet of inaccuracy
HPRegen  0.20/turn              (no ring)
MPRegen  0.11/turn              (no ring)

@: mighty, resistant
A: talons 1, molten scales 1, high mp 1, strong 1
a: no special abilities


You were on level 5 of the Dungeon.
You were hungry.

You visited 1 branch of the dungeon, and saw 6 of its levels.

You collected 131 gold pieces.

Inventory:

Hand Weapons
 a - a +0 flail
 i - a +2 whip of venom (weapon)
 p - a +4 short sword
Armour
 b - a +1 scale mail (worn)
 c - a +0 shield
 q - a +1 robe of fire resistance
 s - a +2 pair of boots (worn)
 u - a +2 leather armour of poison resistance {rPois}
 y - a +2 pair of gloves
Jewellery
 n - an amulet of inaccuracy (around neck)
 r - an uncursed ring of ice {rC+ rF-}
Scrolls
 e - 4 scrolls of teleportation {unknown}
 f - a scroll of enchant weapon {unknown}
 h - 4 scrolls of identify {unknown}
 k - a scroll of noise {unknown}
 l - 2 scrolls of amnesia
 m - a scroll of fog {unknown}
 o - a scroll of enchant armour
 t - a scroll of fear {unknown}
 w - a scroll of random uselessness {unknown}
 x - a scroll of immolation {unknown}
 N - a scroll of remove curse {@r2}
Potions
 j - 2 potions of brilliance {Archmagi Int+5 Wiz++}
Comestibles
 z - 5 rations


   Skills:
 + Level 5.0 Fighting
 + Level 4.4 Maces & Flails
 + Level 5.0 Armour
 + Level 5.0 Shields


You had 6 spell levels left.
You didn't know any spells.
Your spell library was empty.

Dungeon Overview and Level Annotations

Branches:
Dungeon (6/15)
 Temple: D:4-7

Annotations:
D:5 Menkaure


Innate Abilities, Weirdness & Mutations

You have an increased reservoir of magic. (+10% MP)
You have sharp toenails.
You are partially covered in molten scales. (AC +2)
Your muscles are strong. (Str +2)


Message History

Okay, then.
Okay, then.
Unknown command.
Unknown command.
Unknown command.
As you read the scroll labeled ZASTRO RUDUUTTI, it crumbles to dust.
It is a scroll of amnesia.
You feel forgetful for a moment.
The centaur hits you but does no damage.
The centaur barely misses you. Menkaure completely misses you.
As you read the scroll labeled NUSAUB XAOSS, it crumbles to dust.
It is a scroll of enchant armour.
Your +0 scale mail glows green for a moment.
The centaur closely misses you.
As you read the scroll labeled ROGIONTAUF, it crumbles to dust.
You feel as if something is helping you.
It was a scroll of remove curse.
N - a scroll of remove curse The centaur hits you.
You die...

##..)..####.#.#.#+
.................... .
...#...######.###..# .#
.......# #.# ..#..#
.......######.###.)#.###
##.....................#
##..########...##......
...## #......<...M.#
##.# #.....%.((@#
#######.........c#
......................>.
..#####..............###
..# #.........###.## ..#
########### .# #.# . .##
# ##


You could see Menkaure and a centaur.

Vanquished Creatures
  Prince Ribbit (D:5)
  Eustachio (D:5)
  2 phantoms
  An ogre (D:5)
  A bullfrog (D:2)
  A crimson imp (D:5)
  An orc priest (D:5)
  A bullfrog skeleton (D:5)
  4 orc wizards
  3 worker ants
  3 adders
  2 oozes
  A worm (D:2)
  A dart slug (D:2)
  4 leopard geckos
  10 orcs
  2 ball pythons
  9 bats
  3 giant cockroaches
  4 goblins
  4 hobgoblins
  5 jackals
  9 kobolds
  2 frilled lizards (D:1)
  6 rats
81 creatures vanquished.

Notes
Turn   | Place    | Note
-------+----------+-------------------------------------------
     0 | D:1      | Redear the Demigod Fighter began the quest for the Orb.
     0 | D:1      | Reached XP level 1. HP: 18/18 MP: 3/3
   113 | D:1      | Reached skill level 2 in Maces & Flails
   278 | D:1      | Reached XP level 2. HP: 12/25 MP: 4/4
   817 | D:1      | Reached skill level 3 in Armour
   855 | D:1      | Reached skill level 3 in Shields
  1284 | D:2      | Reached skill level 3 in Fighting
  1326 | D:2      | Reached XP level 3. HP: 29/31 MP: 5/5
  1439 | D:2      | Noticed a bullfrog
  1458 | D:2      | Killed a bullfrog
  1458 | D:2      | Reached XP level 4. HP: 8/38 MP: 6/6
  2643 | D:3      | Found a faded altar of an unknown god.
  2858 | D:3      | Reached XP level 5. HP: 39/45 MP: 7/7
  2862 | D:3      | Reached skill level 3 in Maces & Flails
  3052 | D:3      | Found a sparkling altar of Nemelex Xobeh.
  3779 | D:4      | Noticed a phantom
  3828 | D:4      | Killed a phantom
  3921 | D:4      | Reached skill level 4 in Armour
  3921 | D:4      | Reached skill level 4 in Shields
  3921 | D:4      | Reached XP level 6. HP: 41/52 MP: 8/8
  3928 | D:4      | You fall through a shaft for 2 floors!
  3951 | D:5      | Entered Level 5 of the Dungeon
  3979 | D:5      | Noticed Eustachio
  3989 | D:5      | Reached skill level 4 in Fighting
  4016 | D:5      | Noticed Prince Ribbit
  4017 | D:5      | Killed Eustachio
  4037 | D:5      | Killed Prince Ribbit
  4037 | D:5      | Reached skill level 4 in Maces & Flails
  4037 | D:5      | Reached XP level 7. HP: 30/60 MP: 9/9
  4236 | D:5      | Gained mutation: You are partially covered in molten
                  | scales. (AC +2) [potion of mutation]
  4236 | D:5      | Gained mutation: You have sharp toenails. [potion of
                  | mutation]
  4236 | D:5      | Gained mutation: Your muscles are strong. (Str +2) [potion
                  | of mutation]
  4645 | D:5      | Reached skill level 5 in Armour
  4645 | D:5      | Reached skill level 5 in Shields
  4760 | D:5      | Reached skill level 5 in Fighting
  4779 | D:5      | Noticed Menkaure
  4786 | D:5      | HP: 2/61 [Menkaure (13)]
  4789 | D:5      | Slain by a centaur

Levels and vault maps discovered:
D:1:      dpeg_arrival_renting, layout_basic
D:2:      layout_loops_cross
D:3:      wad_lake_hut, layout_basic, nemelex_altar_shiori,
          chequers_ecumenical_altar_simple_redux
D:4:      layout_loops_ring, first_ration, kennysheep_generic_room_9
D:5:      layout_basic, hangedman_decor_diamond_cutter, grunt_decor_resistance,
          skrybe_limestone_x, uniq_menkaure, uniq_prince_ribbit1,
          uniq_eustachio, uniq_edmund
D:6:      layout_cave_pods, ashenzari_conservatory_becter, serial_shops,
          nicolae_shop_competitors_out_of_business

Skill      XL: |  1  2  3  4  5  6  7 |
---------------+----------------------+-----
Maces & Flails | 2 3 4 |  4.4
Armour         | 3 4 5 |  5.0
Shields        | 3 4 5 |  5.0
Fighting       | 3 4 5 |  5.0

Action                   |  1- 3 |  4- 6 |  7- 9 || total
-------------------------+-------+-------+-------++-------
Melee: Flail             |    35 |       |       ||    35
       Whip              |    52 |   179 |    96 ||   327
  Use: Potion            |       |     2 |     3 ||     5
       Scroll            |       |       |     3 ||     3
  Eat: Chunk             |     1 |     9 |     2 ||    12
Armor: Scale mail        |    51 |   128 |    46 ||   225
Dodge: Dodged            |    55 |   113 |    34 ||   202

Table legend:
 A = Non-vault XP
 B = Vault XP
 C = Vault XP percentage of total XP
 D = Non-vault monster count
 E = Vault monster count
 F = Vault count percentage of total count
                 A         B        C        D         E       F
            +---------+---------+-------+---------+---------+-------
      Total |     996 |     459 |  31.5 |      79 |       2 |   2.5
            +---------+---------+-------+---------+---------+-------
        D:1 |      33 |       0 |   0.0 |      18 |       0 |   0.0
        D:2 |     148 |       0 |   0.0 |      16 |       0 |   0.0
        D:3 |     138 |       0 |   0.0 |      26 |       0 |   0.0
        D:4 |     157 |       0 |   0.0 |       2 |       0 |   0.0
        D:5 |     520 |     459 |  46.9 |      17 |       2 |  10.5
            +---------+---------+-------+---------+---------+-------
